 Dungeon Crawl Stone Soup version 0.27-a0-972-gd1521fd518 (webtiles) character file.

Game seed: 16635177940061172996

29 polve the Cutter (level 3, 0/29 HPs)
             Began as a Demonspawn Abyssal Knight on Apr 13, 2021.
             Was a Follower of Lugonu.
             Slain by an adder (2 damage)
             ... on level 1 of the Dungeon.
             The game lasted 00:01:12 (1548 turns).

polve the Cutter (Demonspawn Abyssal Knight)        Turns: 1548, Time: 00:01:12

Health: 0/29       AC:  9    Str: 10 (13) XL:     3   Next: 1%
Magic:  4/4        EV: 11    Int: 12 (13) God:    Lugonu [*.....]
Gold:   77         SH:  0    Dex: 11 (12) Spells: 2/2 levels left

rFire    . . .     SeeInvis .   i - +2 short sword (venom)
rCold    . . .     Faith    .   (no shield)
rNeg     . . .     Spirit   .   b - +0 leather armour
rPois    .         Reflect  .   (no helmet)
rElec    .         Harm     .   (no cloak)
rCorr    .         Rampage  .   (no gloves)
Will     .....                  (no boots)
Stlth    +.........             (no amulet)
HPRegen  0.09/turn              (no ring)
MPRegen  0.09/turn              (no ring)

@: sanguine armoured
A: sanguine armour 1
a: Renounce Religion, Depart the Abyss


You were on level 1 of the Dungeon.
You worshipped Lugonu.
Lugonu was aware of your devotion.
You visited 1 branch of the dungeon, and saw 2 of its levels.
You visited the Abyss 1 time.

You collected 77 gold pieces.

Inventory:

Hand Weapons
 a - a +1 short sword
 i - a +2 short sword of venom (weapon)
Armour
 b - a +0 leather armour (worn)
Jewellery
 j - a ring of willpower
Scrolls
 d - a scroll of enchant weapon {unknown}
 e - a scroll of identify {unknown}
 g - a scroll of immolation {unknown}
 h - a scroll of amnesia {unknown}
 k - a scroll of silence {unknown}
 l - a scroll of noise {unknown}
Potions
 f - a potion of degeneration


   Skills:
 - Level 3.0 Fighting
 + Level 3.2 Short Blades
 - Level 1.7 Armour
 - Level 0.8 Dodging
 - Level 2.4 Invocations


You had 2 spell levels left.
You didn't know any spells.
Your spell library was empty.

Dungeon Overview and Level Annotations

Branches:
Dungeon (2/15)

Altars:
Dithmenos

Annotations:
D:2 Sigmund


Innate Abilities, Weirdness & Mutations

When seriously injured, your bleeding wounds create armour. (AC +6)


Message History

You miss the adder.
You hear some strange, mumbled words.
A magic dart appears from out of thin air!
The magic dart hits you!
The kobold throws a stone.
The stone closely misses you. The adder barely misses you.
You are too injured to fight recklessly!
You hear some strange, mumbled words.
You are confused.
You hear some strange, mumbled words.
A puff of flame appears from out of thin air!
The puff of flame misses you. The adder barely misses you.
You bump into the rock wall.
The adder bites you.
Your blood congeals into armour.
You are poisoned.
The adder poisons you! Something hits you!
* * * LOW HITPOINT WARNING * * *
The adder bites you.
* * * LOW HITPOINT WARNING * * *
It was a potion of curing.
You feel better.
You hear some strange, mumbled words.
Something tries to affect you, but you resist.
The adder bites you but does no damage. Something hits you!
* * * LOW HITPOINT WARNING * * *
The adder bites you but does no damage.
It was a potion of degeneration.
There was something very wrong with that liquid.
You feel weakened.
You feel dopey.
You feel clumsy. The adder bites you but does no damage. Something hits you.
* * * LOW HITPOINT WARNING * * *
The adder bites you but does no damage.
There is a stone staircase leading up here.
The adder bites you but does no damage. The kobold hits you but does no damage.
The adder misses you.
You climb upwards.
Reactivating autopickup.
There is a stone staircase leading down here.
The kobold closely misses you. The adder bites you.
You die...

.##.......##..##.# #.##.....#
....#...####..##.####..#.###.#
###.....#..................#.###
##[#....#...#................##
#..........##.#####.#........)
######.......###.# #.#######.##
#...>.....#...#.## #.# #.#
#..#.##......>S######.### #.#
#.###........K.@........# #.#
### #########################.#
######################### #....#
.#.....#..<.....#..#....# #.####
.#..#..#.....#..........###.#
.#..#..#.....#..#..#..#...#.#
(...........................#
.......#..#..#..#..#..#.#.#.#
.#..#.....#..#.....#..#.###.#


You could see an adder and a kobold.

Vanquished Creatures
  A worm (D:2)
  3 ball pythons (D:1)
  3 endoplasms (D:2)
  2 giant cockroaches (D:1)
  A goblin (D:2)
  3 hobgoblins
  A quokka (D:1)
  2 bats (D:1)
  4 kobolds
  3 rats (D:1)
23 creatures vanquished.

Vanquished Creatures (others)
  A fungus (D:2)
  2 plants (D:2)
3 creatures vanquished.

Grand Total: 26 creatures vanquished

Notes
Turn   | Place    | Note
-------+----------+-------------------------------------------
     0 | Abyss:1  | polve the Demonspawn Abyssal Knight began the quest for the
                  | Orb.
     0 | Abyss:1  | Reached XP level 1. HP: 18/18 MP: 2/2
    26 | Abyss:1  | Noticed a blink frog
    26 | Abyss:1  | Noticed a small abomination
    27 | Abyss:1  | Noticed a lich
    36 | D:1      | Escaped the Abyss
   482 | D:1      | Reached * piety under Lugonu
   688 | D:1      | Gained mutation: When seriously injured, your bleeding
                  | wounds create armour. (AC +6) [demonic ancestry]
   688 | D:1      | Reached XP level 2. HP: 24/24 MP: 3/3
  1372 | D:2      | Found a shadowy altar of Dithmenos.
  1485 | D:2      | Reached XP level 3. HP: 25/29 MP: 4/4
  1530 | D:2      | Noticed Sigmund
  1541 | D:2      | HP: 1/29 [something (3)]
  1548 | D:1      | Slain by an adder

Illustrated notes

Levels and vault maps discovered:
D:1:      dpeg_arrival_ternary, layout_loops_ring
D:2:      layout_basic, basic_altar, shapermc_ecumenical_altar_mp_urbaneastern,
          uniq_sigmund

Skill      XL: |  1  2 |
---------------+-------+-----
Short Blades   | 2 3 |  3.2
Fighting       | |  3.0
Armour         | |  1.7
Dodging        | |  0.8
Invocations    | |  2.4

Action                   || total
-------------------------++-------
Melee: Short sword       ||    57
Invok: Depart the Abyss  ||     1
  Use: Potion            ||     2
Armor: Leather armour    ||    21
Dodge: Dodged            ||    39

Table legend: (Time is in decaauts)
 A = Elapsed time spent in this place.
 B = Non-inter-level travel time spent in this place.
 C = Inter-level travel time spent in this place.
 D = Time resting spent in this place.
 E = Time spent auto-exploring this place.
 F = Levels seen in this place.
 G = Mean time per level.
                   A        B        C        D        E       F      G
               +--------+--------+--------+--------+--------+-----+--------+
         Total |   1545 |   1504 |     41 |      0 |   1328 |   3 |  515.0 |
       Dungeon |   1509 |   1468 |     41 |      0 |   1306 |   2 |  754.5 |
         Abyss |     36 |     36 |      0 |      0 |     22 |   1 |   36.0 |
               +--------+--------+--------+--------+--------+-----+--------+

Top non-repeatable levels by time:
     D:1: 1337 daAuts
     D:2: 172 daAuts
 Abyss:1: 36 daAuts
